 Dungeon Sprint DCSS version 0.29-a0-700-g2f1814c7b2 (webtiles) character file.

Game seed: 8901466643157004891

52 mhtbhm the Sneak (level 3, -3/16 HPs)
             Began as a Spriggan Enchanter on June 25, 2022.
             Killed from afar by a white imp (10 damage)
             ... with a puff of frost
             ... in the Dungeon (Sprint IX: "|||||||||||||||||||||||||||||").
             The game lasted 00:00:24 (228 turns).

mhtbhm the Sneak (Spriggan Enchanter)                Turns: 228, Time: 00:00:25

Health: -3/16      AC:  2    Str:  4    XL:     3   Next: 60%
Magic:  6/9        EV: 19    Int: 16    God:
Gold:   0          SH:  0    Dex: 17    Spells: 10/10 levels left

rFire   . . .      SeeInvis +   a - +1 dagger
rCold   . . .      Faith    .   (no shield)
rNeg    . . .      Spirit   .   b - +0 robe
rPois   .          Reflect  .   (helmet restricted)
rElec   .          Harm     .   (no cloak)
rCorr   .          Rampage  .   (gloves unavailable)
Will    .....      NoTele   +   (boots unavailable)
Stlth   ++++......              (no amulet)
HPRegen 0.05/turn               (no ring)
MPRegen 0.11/turn               (no ring)

@: lethally poisoned (-3 -> -4), on berserk cooldown, slowed, invisible, quick
A: very small, no large weapons, unfitting armour, see invisible, speed 3
a: no special abilities


You were in the Dungeon.
You visited 1 branch

Inventory:

Hand Weapons
 a - a +1 dagger (weapon)
Armour
 b - a +0 robe (worn)
Scrolls
 i - a scroll of blinking
Potions
 c - a potion of invisibility
 f - a potion of haste
 g - 2 potions of magic


   Skills:
 + Level 0.1 Fighting
 + Level 2.1 Short Blades
 + Level 4.3 Dodging
 + Level 7.3 Stealth
 + Level 4.3 Spellcasting
 + Level 6.3 Hexes


You had 10 spell levels left.
You didn't know any spells.
Your spell library contained the following spells:

 Spells                   Type           Power      Damage    Failure   Level
 Confusing Touch          Hex            23%        N/A       3%          3
 Tukima's Dance           Hex            23%        N/A       3%          3
 Ensorcelled Hibernation  Hex/Ice        26%        N/A       7%          2
 Dazzling Flash           Conj/Hex       26%        N/A       14%         3


Dungeon Overview and Level Annotations

Branches:
Dungeon (1/1)

Altars:


Innate Abilities, Weirdness & Mutations

You are very small and have problems with some larger weapons.
You are too small for most types of armour.
You have supernaturally acute eyesight. (SInv)
You cover ground extremely quickly. (Speed+++)


Message History

You are too injured to fight recklessly!
You are too injured to fight recklessly!
You are too injured to fight recklessly!
You are too injured to fight recklessly!
You are too injured to fight recklessly!
You are too injured to fight recklessly!
You are too injured to fight recklessly!
You are too injured to fight recklessly!
You are too injured to fight recklessly!
You are too injured to fight recklessly!
You are too injured to fight recklessly!
You are too injured to fight recklessly!
You are too injured to fight recklessly!
You are too injured to fight recklessly!
You are too injured to fight recklessly!
You are too injured to fight recklessly!
You are too injured to fight recklessly!
You are too injured to fight recklessly!
You are too injured to fight recklessly!
You closely miss the orc.
The orc is almost dead.
You feel sick.
You closely miss the orc.
The orc is almost dead.
The orc closely misses you.
The white imp gestures at the orc.
The puff of frost hits the orc!
The orc dies!
You feel sick.
Things that are here:
a +0 flail; a +0 ring mail; an orc corpse You hit the white imp.
The white imp is moderately wounded.
You are no longer berserk.
You are exhausted.
You feel yourself slow down. The white imp gestures at you.
The puff of frost hits you!
Ouch! That really hurt!
You die... ▓▓▓▓▓▓▓▓▓▓▓▓▓▓▓▓▓▓ +..5@.†....))...<▓ ▓▓▓▓▓▓▓▓▓▓▓▓▓▓▓▓▓▓

You could see a white imp (can't see you).

Vanquished Creatures
  A hound (D)
  An adder (D)
  An ufetubus (D)
  A dart slug (D)
  An endoplasm (D)
  A kobold (D)
  2 goblins (D)
8 creatures vanquished.

Vanquished Creatures (others)
  An orc (D)
1 creature vanquished.

Grand Total: 9 creatures vanquished

Notes
Turn   | Place    | Note
-------+----------+-------------------------------------------
     0 | D        | mhtbhm the Spriggan Enchanter began the quest for the Orb.
     0 | D        | Reached XP level 1. HP: 9/9 MP: 5/5
    30 | D        | Reached skill level 5 in Stealth
   209 | D        | Noticed a hound
   216 | D        | Killed a hound
   217 | D        | Reached skill level 6 in Stealth
   217 | D        | Reached skill level 5 in Hexes
   217 | D        | Reached XP level 2. HP: 13/13 MP: 6/8
   217 | D        | Reached XP level 3. HP: 16/16 MP: 6/9
   220 | D        | Reached skill level 7 in Stealth
   228 | D        | Killed from afar by a white imp

Illustrated notes

Levels and vault maps discovered:
D:        linesprint [early_d, line_temple, items_1, d_10, items_2, lair_1,
          lair_end, items_3, orc_1, orc_end, items_4, d_15, swamp_1, shoals_1,
          snake_1, spider_1, d_20, vaults_1, items_5, swamp_end, shoals_end,
          snake_end, spider_end, vaults_end, d_27, items_6, zot_1, zot_end,
          crypt_end, forest_end, elf_end, slime_end, tomb_end, abyss_end,
          pan_hell_end]

Skill      XL: |  1  2  3 |
---------------+----------+-----
Spellcasting   | 4 |  4.3
Hexes          | 5 6 |  6.3
Dodging        | 4 |  4.3
Stealth        | 6 7 |  7.3
Short Blades   | 2 |  2.1
Fighting       | |  0.1

Action                   || total
-------------------------++-------
Melee: Dagger            ||    43
  Use: Potion            ||     4
 Stab: Invisible         ||     2
Armor: Robe              ||     2
Dodge: Dodged            ||    22

Table legend: (Time is in decaauts)
 A = Elapsed time spent in this place.
 B = Non-inter-level travel time spent in this place.
 C = Inter-level travel time spent in this place.
 D = Time resting spent in this place.
 E = Time spent auto-exploring this place.
 F = Levels seen in this place.
 G = Mean time per level.
                   A        B        C        D        E       F      G
               +--------+--------+--------+--------+--------+-----+--------+
         Total |    214 |    214 |      0 |    164 |      1 |   1 |  214.0 |
       Dungeon |    214 |    214 |      0 |    164 |      1 |   1 |  214.0 |
               +--------+--------+--------+--------+--------+-----+--------+

Top non-repeatable levels by time:
       D: 214 daAuts
